 Dungeon Crawl Stone Soup version 0.26-a0-52-gd53d4cd058 (webtiles) character file.

Game seed: 2057186048961502236

52933 Apogee the Warrior (level 14, -6/135 HPs)
             Began as a Minotaur Abyssal Knight on June 6, 2020.
             Was a High Priest of Lugonu.
             Mangled by an orc warrior
             ... wielding a +0 glaive
              (23 damage)
             ... in a bailey.
             The game lasted 00:59:41 (21928 turns).

Apogee the Warrior (Minotaur Abyssal Knight)       Turns: 21928, Time: 00:59:42

Health: -6/135     AC: 23    Str: 23    XL:     14   Next: 29%
Magic:  18/18      EV: 12    Int: 13    God:    Lugonu [*****.]
Gold:   1193       SH:  0    Dex:  9    Spells: 13/13 levels left

rFire    x x .     SeeInvis .   a - +6 war axe of Kuvukuaz {freeze, rF- MR++ Int+4}
rCold    + . .     Gourm    .   (no shield)
rNeg     . . .     Faith    .   V - +4 chain mail of the Wild Haggis {+Blink rElec rPois MR+}
rPois    +         Spirit   .   (helmet restricted)
rElec    +         Reflect  .   q - +2 cloak
rCorr    .         Harm     .   f - +0 pair of gloves
MR       ++++.                  J - +0 pair of boots
Stlth    ..........             w - amulet of regeneration
HPRegen  0.72/turn              Z - ring of flight
MPRegen  0.16/turn              S - ring of ice

@: no status effects
A: retaliatory headbutt, horns 2, blurry vision 1, mutation resistance 1, poison
resistance
a: Depart the Abyss, Bend Space, Banish, Corrupt, Enter the Abyss, Renounce
Religion, Evoke Blink, Evoke Flight


You were in a bailey.
You worshipped Lugonu.
Lugonu was extremely pleased with you.
You were not hungry.

You visited 2 branches of the dungeon, and saw 17 of its levels.
You visited the Abyss 1 time.
You also visited: Bailey and Ice Cave.

You collected 1193 gold pieces.

Inventory:

Hand Weapons
 a - the +6 war axe of Kuvukuaz (weapon) {freeze, rF- MR++ Int+4}
   (You found it on level 6 of the Lair of Beasts)

   It has been specially enchanted to freeze those struck by it, causing extra
   injury to most foes and up to half again as much damage against particularly
   susceptible opponents.
   It can also slow down cold-blooded creatures.
   It affects your intelligence (+4).
   It makes you vulnerable to fire.
   It affects your resistance to hostile enchantments.
 b - a +2 fustibalus of freezing
 T - a +2 executioner's axe of freezing
 U - a +2 hand axe of electrocution
Missiles
 g - 180 sling bullets
 k - 435 stones (quivered)
 G - 8 javelins
Armour
 f - a +0 pair of gloves (worn)
 q - a +2 cloak (worn)
 J - a +0 pair of boots (worn)
 Q - a scarf of invisibility
 V - the +4 chain mail of the Wild Haggis (worn) {+Blink rElec rPois MR+}
   (You found it in an ice cave)

   It insulates you from electricity.
   It protects you from poison.
   It affects your resistance to hostile enchantments.
   It lets you blink.
Jewellery
 j - an uncursed ring of fire
 w - an amulet of regeneration (around neck)
 S - a ring of ice (right hand)
 W - an uncursed ring of protection from fire
 Z - a ring of flight (left hand)
Wands
 i - a wand of random effects (18)
 r - a wand of iceblast (9)
 A - a wand of polymorph (17)
 D - a wand of digging (6)
 K - a wand of paralysis (13)
 L - a wand of acid (9)
Scrolls
 d - 4 scrolls of enchant weapon
 e - 2 scrolls of fear
 h - 6 scrolls of blinking
 m - 10 scrolls of identify
 p - 2 scrolls of acquirement {unknown}
 s - 5 scrolls of teleportation
 t - 7 scrolls of remove curse
 v - 5 scrolls of fog
 C - 3 scrolls of amnesia
 F - a scroll of magic mapping
 M - 3 scrolls of enchant armour
Potions
 n - 6 potions of heal wounds
 o - 4 potions of curing
 u - 5 potions of flight
 x - a potion of haste
 z - 2 potions of berserk rage
 B - a potion of cancellation
 E - a potion of brilliance
 N - 6 potions of stabbing
 O - 2 potions of invisibility
 P - 2 potions of mutation
 R - 2 potions of might
Miscellaneous
 H - a lightning rod (4/4)
 I - a tin of tremorstones (3/3)
Comestibles
 c - 24 rations
 l - 13 chunks of flesh


   Skills:
 - Level 15.0 Fighting
 + Level 14.5 Axes
 + Level 9.6 Slings
 - Level 14.0 Armour
 - Level 9.1 Dodging
 - Level 7.0 Invocations


You had 13 spell levels left.
You didn't know any spells.
Your spell library contained the following spells:

 Spells                   Type           Power        Failure   Level  Hunger
 Beastly Appendage        Tmut           #.....       82%         1    ##.....
 Foxfire                  Conj/Fire      #...         82%         1    ##.....
 Freeze                   Ice            #...         82%         1    ##.....
 Magic Dart               Conj           #...         82%         1    ##.....
 Blink                    Tloc           N/A          91%         2    ###....
 Call Imp                 Summ           #.......     91%         2    ###....
 Passwall                 Tmut/Erth      #.......     91%         2    ###....
 Searing Ray              Conj           #.....       91%         2    ###....
 Slow                     Hex            #.......     91%         2    ###....
 Sticks to Snakes         Tmut           #.......     91%         2    ###....
 Swiftness                Chrm/Air       #.......     91%         2    ###....
 Confusing Touch          Hex            #.......     99%         3    ####...
 Conjure Flame            Conj/Fire      #.......     99%         3    ####...
 Dazzling Flash           Conj/Hex       #.....       99%         3    ####...
 Frozen Ramparts          Ice            #.....       99%         3    ####...
 Gell's Gravitas          Tloc           #.........   99%         3    ####...
 Inner Flame              Hex/Fire       #.......     99%         3    ####...
 Mephitic Cloud           Conj/Pois/Air  #.......     99%         3    ####...
 Ozocubu's Armour         Chrm/Ice       #.......     99%         3    ####...
 Spider Form              Tmut/Pois      #.........   99%         3    ####...
 Fulminant Prism          Conj/Hex       #.........   100%        4    #####..
 Hailstorm                Conj/Ice       #.......     100%        4    #####..
 Ice Form                 Ice/Tmut       #.......     100%        4    #####..
 Iskenderun's Mystic Bla  Conj/Tloc      #.......     100%        4    #####..
 Passage of Golubria      Tloc           N/A          100%        4    #####..
 Petrify                  Tmut/Erth      #.......     100%        4    #####..
 Sticky Flame             Conj/Fire      #.......     100%        4    #####..
 Summon Ice Beast         Ice/Summ       #.......     100%        4    #####..
 Blade Hands              Tmut           #.........   100%        5    ######.
 Fireball                 Conj/Fire      #.........   100%        5    ######.
 Lee's Rapid Deconstruct  Erth           #.........   100%        5    ######.
 Metabolic Englaciation   Hex/Ice        #.........   100%        5    ######.
 Yara's Violent Unravell  Hex/Tmut       #.........   100%        5    ######.
 Darkness                 Hex            #.........   100%        6    #######
 Invisibility             Hex            #.......     100%        6    #######


Dungeon Overview and Level Annotations

Branches:
Dungeon (11/15)            Temple (0/1) D:4            Lair (6/6) D:9
  Swamp (0/4) Lair:3        Snake (0/4) Lair:3        Slime (0/5) Lair:6
    Orc (0/2) D:11         Bailey (1/1)               IceCv (visited)

Altars:
Ashenzari
Dithmenos
Elyvilon
Fedhas
Gozag
Hepliaklqana
Kikubaaqudgha
Makhleb
Qazlal
Trog
Vehumet
Wu Jian
Xom

Shops:
D:5 *   D:7 }

Portals:
Trove: D:10 (give +4 fire dragon scales)

Annotations:
D:7 1 runed translucent door, Crazy Yiuf
D:9 corrupted


Innate Abilities, Weirdness & Mutations

You reflexively headbutt those who attack you in melee.
You have a pair of horns on your head.
Scrolls take you a little longer to read.
You are somewhat resistant to further mutation.
Your system is resistant to poisons. (rPois)


Message History

[Y]es or [N]o only, please.
Really read with blurry vision while enemies are nearby?
Okay, then.
Okay, then.
You fail to use your ability.
The orc misses you. The orc closely misses you.
The orc warrior hits you from afar with a +0 glaive.
* * * LOW HITPOINT WARNING * * *
The orc barely misses you.
The orc warrior hits you from afar with a +0 glaive!
* * * LOW HITPOINT WARNING * * *
The orc knight closely misses you. The orc warrior misses you.
You furiously retaliate!
You headbutt the orc warrior, but do no damage.
You fail to use your ability.
The orc hits you from afar with a +0 halberd.
* * * LOW HITPOINT WARNING * * *
The orc hits you but does no damage. The orc closely misses you.
The orc misses you. The orc knight barely misses you.
The orc warrior hits you from afar with a +0 glaive!!
You die...

####### #######
#.....#########.....##
.......#.....#.ooo...+
)).....'.....'...oo..+
).)....'.....'..@o...+
)).....'.....'..)o...+
)......#.....#..o....+
#.....#########.....##
####### #######


You could see an orc knight, 3 orc warriors and 4 orcs.

Vanquished Creatures
  Fannar (Lair:3)
  3 catoblepae (Lair:6)
  Erica (D:10)
  8 death yaks
  The ghost of PIKKUHERKKO the Cleaver, a novice DsGl of Makhleb (D:7)
  An unseen horror (D:10)
  A wolf spider (Lair:5)
  2 ugly things (IceCv)
  2 manticores (Lair:6)
  A moth of wrath (D:7)
  7 elephants
  6 black mambas
  The ghost of Nahar the Basher, a novice MiFi (D:5)
  A gargoyle (D:10)
  3 ice statues (IceCv)
  9 spiny frogs
  4 komodo dragons
  A rime drake (Lair:2)
  A troll (D:10)
  A tyrant leech (Lair:3)
  3 hornets
  25 blink frogs
  10 hippogriffs
  45 yaks
  2 wyverns
  4 basilisks
  3 fire bats (Lair:1)
  Eustachio (D:4)
  2 hungry ghosts
  3 swamp worms (Lair:3)
  5 nagas (Lair:3)
  Duvessa (D:7)
  A soldier ant (D:8)
  16 water moccasins
  10 porcupines
  11 ice beasts
  2 sky beasts
  A black bear (Lair:2)
  6 orc warriors
  4 phantoms
  2 ogres
  5 centaurs
  11 wolves
  14 crocodiles
  2 big kobolds
  16 bullfrogs
  A gnoll sergeant (D:6)
  Dowan (D:7)
  5 scorpions
  4 killer bees (D:7)
  A wight (D:9)
  4 howler monkeys (D:10)
  A centaur zombie (D:11)
  A bullfrog zombie (D:5)
  4 crimson imps
  A quasit (D:8)
  3 orc priests
  A centaur skeleton (D:9)
  5 hounds
  A jelly (D:10)
  2 iguanas
  10 orc wizards
  2 bullfrog skeletons
  Natasha (thrice) (D:3)
  6 worker ants
  2 hound skeletons
  2 hound zombies
  9 gnolls
  A howler monkey skeleton (D:6)
  A worker ant zombie (D:5)
  20 adders
  2 shadow imps
  12 white imps (Lair:4)
  An ooze (D:5)
  2 adder skeletons
  An adder zombie (D:9)
  3 worms
  3 dart slugs
  7 leopard geckos
  54 orcs
  6 bats
  A bat zombie (D:7)
  5 giant cockroaches
  9 goblins
  5 hobgoblins
  11 jackals
  8 quokkas
  3 ball pythons
  4 frilled lizards
  A jackal skeleton (D:4)
  12 kobolds
  A leopard gecko skeleton (D:4)
  A quokka skeleton (D:9)
  12 rats
  A rat zombie (D:7)
  3 fungi
  4 plants
523 creatures vanquished.

Vanquished Creatures (others)
  7 hydras
  A death yak (Lair:6)
  2 two-headed ogres (D:9)
  An ugly thing (D:9)
  An elephant (Lair:3)
  2 gargoyles (D:9)
  A spiny frog (Lair:2)
  A troll (D:9)
  A hornet (Lair:5)
  A wraith (D:9)
  An ice beast (D:9)
  An orc warrior (D:9)
  A sky beast (D:9)
  A centaur (D:9)
  2 big kobolds
  A gnoll sergeant (D:9)
  A bullfrog (D:8)
  A water moccasin zombie (D:9)
  2 scorpions
  A killer bee (D:9)
  A crimson imp (D:9)
  A bullfrog skeleton (D:9)
  A worker ant (D:8)
  An adder (D:8)
  2 orcs
  A jackal (D:9)
  A bush (Lair:5)
  21 fungi
  35 plants
  A starspawn tentacle (D:9)
95 creatures vanquished.

Grand Total: 618 creatures vanquished

Notes
Turn   | Place    | Note
-------+----------+-------------------------------------------
     0 | Abyss:1  | Apogee the Minotaur Abyssal Knight began the quest for the
                  | Orb.
     0 | Abyss:1  | Reached XP level 1. HP: 19/19 MP: 1/1
     9 | D:1      | Escaped the Abyss
   155 | D:1      | Reached XP level 2. HP: 26/26 MP: 2/2
  1047 | D:2      | Reached ** piety under Lugonu
  1076 | D:2      | Reached XP level 3. HP: 29/31 MP: 3/3
  1387 | D:2      | Found a stormy altar of Qazlal.
  1390 | D:2      | Found a blossoming altar of Fedhas.
  1834 | D:3      | Reached skill level 5 in Axes
  1849 | D:3      | Noticed Natasha
  1853 | D:3      | Reached XP level 4. HP: 39/39 MP: 4/4
  1857 | D:3      | Killed Natasha
  1894 | D:3      | Reached XP level 5. HP: 44/46 MP: 5/5
  1918 | D:3      | Reached *** piety under Lugonu
  1938 | D:3      | Reached skill level 4 in Fighting
  2213 | D:3      | Found a shattered altar of Ashenzari.
  2409 | D:3      | Found a shadowy altar of Dithmenos.
  2514 | D:3      | Reached XP level 6. HP: 14/53 MP: 6/6
  2772 | D:3      | Noticed Natasha
  2788 | D:3      | Killed Natasha
  2869 | D:3      | Noticed Natasha
  2887 | D:3      | Killed Natasha
  2887 | D:3      | Reached skill level 5 in Fighting
  3065 | D:3      | Gained mutation: Scrolls take you a little longer to read.
                  | [potion of mutation]
  3065 | D:3      | Gained mutation: You are somewhat resistant to further
                  | mutation. [potion of mutation]
  3065 | D:3      | Gained mutation: Your system is resistant to poisons.
                  | (rPois) [potion of mutation]
  3164 | D:4      | Noticed an ice beast
  3168 | D:4      | Killed an ice beast
  3359 | D:4      | Reached skill level 6 in Fighting
  3359 | D:4      | Reached XP level 7. HP: 33/63 MP: 7/7
  3682 | D:4      | Noticed Eustachio
  3687 | D:4      | Found a staircase to the Ecumenical Temple.
  3705 | D:4      | Killed Eustachio
  3705 | D:4      | Reached skill level 7 in Fighting
  4009 | D:5      | Entered Level 5 of the Dungeon
  4144 | D:5      | Reached XP level 8. HP: 73/73 MP: 8/8
  4231 | D:5      | Reached skill level 10 in Axes
  4239 | D:5      | Reached **** piety under Lugonu
  4244 | D:5      | Noticed Nahar's ghost (novice MiFi)
  4581 | D:6      | Found a white marble altar of Elyvilon.
  5279 | D:7      | Found Ufikh's Gadget Emporium.
  5281 | D:7      | Noticed Duvessa
  5281 | D:7      | Noticed Dowan
  5296 | D:7      | Killed Duvessa
  5303 | D:7      | Killed Dowan
  5309 | D:7      | Reached XP level 9. HP: 51/79 MP: 11/11
  5588 | D:7      | Found an ancient bone altar of Kikubaaqudgha.
  5634 | D:7      | Noticed a moth of wrath
  5635 | D:7      | Noticed PIKKUHERKKO's ghost (novice DsGl)
  5765 | D:7      | Found an ornate altar of the Wu Jian Council.
  5879 | D:7      | Found a runed translucent door.
  5880 | D:7      | Noticed Crazy Yiuf
  5914 | D:7      | Found a transporter.
  5931 | D:7      | Found a transporter.
  6062 | D:7      | Found a bloodstained altar of Trog.
  6066 | D:7      | Found a hazy altar of Hepliaklqana.
  6345 | D:8      | Reached ***** piety under Lugonu
  6585 | D:8      | Found a shimmering altar of Xom.
  6932 | D:9      | Got a steaming falchion
  6935 | D:9      | Identified the +6 falchion of Death {vorpal, *Contam rPois
                  | rC+ MR+} (You found it on level 9 of the Dungeon)
  6997 | D:9      | Noticed a troll
  6997 | D:9      | Noticed a gargoyle
  6997 | D:9      | Noticed a gargoyle
  6998 | D:9      | Noticed a cyan ugly thing
  6998 | D:9      | Noticed a two-headed ogre
  7000 | D:9      | Corrupted D:9
  7000 | D:9      | Noticed a sixfirhy
  7000 | D:9      | Noticed a worldbinder
  7000 | D:9      | Noticed a sixfirhy
  7000 | D:9      | Noticed an apocalypse crab
  7000 | D:9      | Noticed a smoke demon
  7000 | D:9      | Noticed a brown very ugly thing
  7000 | D:9      | Noticed a lich
  7000 | D:9      | Noticed a tentacled starspawn
  7001 | D:9      | Noticed a tentacled starspawn
  7001 | D:9      | Noticed a rakshasa
  7002 | D:9      | Noticed a two-headed ogre
  7002 | D:9      | Noticed a large abomination
  7002 | D:9      | Killed a two-headed ogre
  7003 | D:9      | Killed a gargoyle
  7004 | D:9      | Noticed a bone dragon
  7006 | D:9      | Killed a troll
  7014 | D:9      | Killed a two-headed ogre
  7021 | D:9      | Killed a cyan ugly thing
  7023 | D:9      | Noticed a hell hog
  7025 | D:9      | Noticed a worldbinder
  7028 | D:9      | Noticed a starcursed mass
  7028 | D:9      | Noticed a jiangshi
  7028 | D:9      | Noticed a Hell Sentinel
  7028 | D:9      | Killed a gargoyle
  7029 | D:9      | Noticed a starcursed mass
  7029 | D:9      | Noticed a cacodemon
  7029 | D:9      | Noticed a flayed ghost
  7031 | D:9      | Noticed a smoke demon
  7096 | D:9      | Noticed a vampire mage
  7126 | D:9      | Reached XP level 10. HP: 36/86 MP: 12/12
  7474 | D:9      | Found a staircase to the Lair.
  7702 | D:9      | Reached skill level 5 in Armour
  7722 | D:9      | Found a radiant altar of Vehumet.
  8418 | D:5      | Found a runed translucent gate.
  8419 | D:5      | Found a runed translucent gate.
  8420 | D:5      | Found a runed translucent gate.
  8458 | D:5      | Killed Nahar's ghost
  8458 | D:5      | Reached skill level 8 in Fighting
  8458 | D:5      | Reached skill level 5 in Invocations
  8779 | D:5      | Found a burning altar of Makhleb.
  8972 | D:5      | Found an opulent altar of Gozag.
  8974 | D:5      | Found Gozag's Platinum Reserve.
  9385 | Lair:1   | Entered Level 1 of the Lair of Beasts
  9388 | Lair:1   | Noticed a spiny frog
  9399 | Lair:1   | Killed a spiny frog
  9565 | Lair:1   | Reached skill level 9 in Fighting
  9878 | Lair:1   | You fall into a shaft and drop 1 floor!
  9884 | Lair:2   | Noticed a spiny frog
  9886 | Lair:2   | Noticed a five-headed hydra
  9893 | Lair:2   | Noticed a spiny frog
  9897 | Lair:2   | Banished a spiny frog
  9899 | Lair:2   | Banished a five-headed hydra
  9903 | Lair:2   | Killed a spiny frog
  9903 | Lair:2   | Reached skill level 10 in Fighting
  9937 | Lair:2   | Noticed a spiny frog
  9946 | Lair:2   | Killed a spiny frog
  9946 | Lair:2   | Reached XP level 11. HP: 80/99 MP: 15/15
 10481 | Lair:2   | Reached skill level 5 in Dodging
 11171 | Lair:1   | Noticed a five-headed hydra
 11172 | Lair:1   | Banished a five-headed hydra
 11458 | Lair:1   | Reached skill level 10 in Armour
 12245 | Lair:3   | Reached skill level 11 in Fighting
 12382 | Lair:3   | Got a smoking hand axe
 12410 | Lair:3   | Found a staircase to the Snake Pit.
 12427 | Lair:3   | Noticed Fannar
 12461 | Lair:3   | Killed Fannar
 12472 | Lair:3   | Identified the +3 hand axe of Pozu {venom, *Corrode +Fly
                  | rPois rN+} (You found it on level 3 of the Lair of Beasts)
 12888 | Lair:3   | Reached XP level 12. HP: 96/110 MP: 16/16
 12967 | Lair:3   | Reached skill level 12 in Fighting
 13816 | Lair:3   | Noticed a seven-headed hydra
 13818 | Lair:3   | Reached skill level 13 in Fighting
 13852 | Lair:3   | Banished a seven-headed hydra
 13883 | Lair:3   | HP: 5/115 [elephant (2)]
 14104 | Lair:3   | Noticed a five-headed hydra
 14107 | Lair:3   | Banished a five-headed hydra
 14284 | Lair:3   | Found a staircase to the Swamp.
 14464 | Lair:4   | Noticed a six-headed hydra
 14466 | Lair:4   | Banished a six-headed hydra
 14478 | Lair:4   | Found a frozen archway.
 14486 | Lair:4   | Noticed a four-headed hydra
 14495 | Lair:4   | Banished a four-headed hydra
 14499 | Lair:4   | Reached skill level 14 in Fighting
 14535 | IceCv    | Entered an ice cave
 15306 | IceCv    | Got a crude chain mail
 15340 | Lair:4   | Identified the +4 chain mail of the Wild Haggis {+Blink
                  | rElec rPois MR+} (You found it in an ice cave)
 15387 | Lair:4   | Noticed an eight-headed hydra
 15388 | Lair:4   | Banished an eight-headed hydra
 15494 | Lair:4   | Reached XP level 13. HP: 115/125 MP: 17/17
 15937 | Lair:5   | Reached skill level 15 in Fighting
 16023 | Lair:5   | Reached skill level 1 in Slings
 16600 | Lair:5   | Got a masterwork rapier
 16603 | Lair:5   | Identified the cursed +0 rapier of Anger {holy, *Rage rF+++
                  | rC+++ MR-} (You found it on level 5 of the Lair of Beasts)
 16962 | Lair:5   | Reached skill level 5 in Slings
 17522 | Lair:6   | Entered Level 6 of the Lair of Beasts
 17567 | Lair:6   | Found a staircase to the Slime Pits.
 19361 | Lair:6   | Reached XP level 14. HP: 67/135 MP: 18/18
 19646 | Lair:6   | Got an ichor-stained war axe
 19649 | Lair:6   | Identified the +6 war axe of Kuvukuaz {freeze, rF- MR++
                  | Int+4} (You found it on level 6 of the Lair of Beasts)
 20269 | D:10     | Entered Level 10 of the Dungeon
 20459 | D:7      | Killed PIKKUHERKKO's ghost
 21063 | D:10     | Got a fading trident
 21279 | D:10     | Found a portal to a secret trove of treasure.
 21410 | D:10     | Noticed Erica
 21427 | D:10     | Killed Erica
 21763 | D:11     | Found a flagged portal.
 21772 | Bailey   | Entered a bailey
 21928 | Bailey   | Mangled by an orc warrior

Illustrated notes

Levels and vault maps discovered:
D:1:      tarquinn_simple_flora_water_f, layout_loops_ring,
          serial_co_window_serial, co_window_corner_a, co_window_corner_a,
          co_window_paths_b, co_window_paths_b, co_window_corner_a,
          co_window_paths_a, co_window_paths_b, co_window_paths_c,
          co_window_corner_cb, co_window_corner_cb, co_window_of_opportunity_b,
          co_window_corner_cb, co_window_4corner_a, minmay_misc_feat_tiny,
          minmay_cut_off
D:2:      layout_basic, grunt_temple_overflow_forces_of_nature,
          minmay_misc_feat_ornament
D:3:      layout_rooms, ashenzari_altar_1, nicolae_overflow_crystal_walls,
          first_ration, hex_intersection, uniq_natasha
D:4:      layout_loops_ring, minmay_temple_entry_gardened_gates,
          grunt_tough_drop, uniq_eustachio
D:5:      layout_basic, lightli_temple_of_fire, nicolae_gozag_zags_fifth_avenue,
          gammafunk_ghost_split
D:6:      layout_cave_pods, kennysheep_mini
D:7:      layout_rooms, kennysheep_little_box, minitemple,
          lemuel_zombie_altar_kikubaaqudgha, serial_shops, shop,
          gammafunk_ghost_berserking_beasts, uniq_duvessa,
          uniq_crazy_yiuf_cottage
D:8:      layout_cave_pools, xom_confusion_cloud, st_stairs_14,
          hangedman_pestilent_swarm, hangedman_decor_clover_reticule
D:9:      minmay_the_grid_octo_tiled_octocenter [minmay_the_grid_octo_77,
          minmay_the_grid_octo_checkerflower,
          minmay_the_grid_octo_vomiting_pacman, minmay_the_grid_octo_fan_narrow,
          minmay_the_grid_octo_prize_square_snowflake,
          minmay_the_grid_square_5x5_lines, minmay_the_grid_square_5x5_one_wall,
          minmay_the_grid_square_5x5_minivault,
          minmay_the_grid_square_5x5_intrusive_squares], layout_grid_maze,
          lemuel_crystal_altar, lair_entry_dummy
D:10:     layout_roguey, nicolae_trove_entry_crystal, uniq_erica
D:11:     cheibrodos_ideogram_h, layout_stronghold, orc_david_3, enter_bailey_8
Lair:1:   layout_hall_layers, nicolae_volcano_entry_batcave,
          chequers_serial_rivers_small_3
Lair:2:   layout_hall_layers, grunt_megastairs_3
Lair:3:   layout_small_grid, palyth_hydra_swamp_entry,
          minmay_snake_entry_guardpost_medium, uniq_fannar
Lair:4:   layout_cave_shapes, portal_ice_cave_entry_imps, serial_bayou_shore_a
Lair:5:   minmay_lair_venomous_thicket, layout_hall_layers,
          grunt_forest_small_clearings
Lair:6:   evilmike_catoblepas_cave, layout_regular_city, slime_dummy,
          serial_bayou_lagoon_a, grunt_megastairs_4
Bailey:   bailey_polearm_5, bailey

Skill      XL: |  1  2  3  4  5  6  7  8  9 10 11 12 13 14 |
---------------+-------------------------------------------+-----
Axes           | 3 4 5 6 7 8 9 11 14 | 14.5
Fighting       | 4 6 7 10 11 14 15 | 15.0
Invocations    | 4 7 |  7.0
Armour         | 4 6 10 12 14 | 14.0
Dodging        | 3 6 8 9 |  9.1
Slings         | 8 9 |  9.6

Action                   |  1- 3 |  4- 6 |  7- 9 | 10-12 | 13-15 || total
-------------------------+-------+-------+-------+-------+-------++-------
Melee: Hand axe          |    86 |   181 |   324 |   694 |   355 ||  1640
       Headbutt          |    13 |    29 |    42 |   127 |    96 ||   307
       War axe           |       |       |       |       |   163 ||   163
 Fire: Hunting sling     |       |       |       |    19 |       ||    19
       Fustibalus        |       |       |       |       |    40 ||    40
Invok: Bend Space        |       |       |     1 |       |     1 ||     2
       Corrupt           |       |       |     1 |       |       ||     1
       Banish            |       |       |       |    16 |     9 ||    25
Evoke: Wand              |       |       |       |     1 |       ||     1
  Use: Potion            |       |     9 |       |     5 |     6 ||    20
       Scroll            |       |     6 |     1 |     5 |    15 ||    27
 Stab: Invisible         |       |     3 |       |       |       ||     3
  Eat: Chunk             |     3 |     3 |     9 |    23 |    19 ||    57
       Ration            |       |     1 |     1 |     3 |     1 ||     6
Armor: Leather armour    |     9 |       |       |       |       ||     9
       Ring mail         |     4 |       |       |       |       ||     4
       Chain mail        |    33 |   130 |   149 |   256 |   199 ||   767
Dodge: Dodged            |    40 |    51 |    95 |   200 |   261 ||   647

Table legend:
 A = Non-vault XP
 B = Vault XP
 C = Vault XP percentage of total XP
 D = Non-vault monster count
 E = Vault monster count
 F = Vault count percentage of total count
                 A         B        C        D         E       F
            +---------+---------+-------+---------+---------+-------
      Total |   46431 |   29188 |  38.6 |     371 |     159 |  30.0
            +---------+---------+-------+---------+---------+-------
        D:1 |      34 |       5 |  12.8 |      19 |       3 |  13.6
        D:2 |      15 |       0 |   0.0 |       6 |       0 |   0.0
        D:3 |     376 |      37 |   9.0 |      52 |       1 |   1.9
        D:4 |     726 |     232 |  24.2 |      25 |       3 |  10.7
        D:5 |     708 |     669 |  48.6 |      20 |       5 |  20.0
        D:6 |     468 |       0 |   0.0 |      18 |       0 |   0.0
        D:7 |     741 |    2537 |  77.4 |      20 |      15 |  42.9
        D:8 |     720 |    1122 |  60.9 |      12 |      10 |  45.5
        D:9 |     276 |     515 |  65.1 |       9 |      10 |  52.6
       D:10 |    4232 |     934 |  18.1 |      33 |       1 |   2.9
       D:11 |     508 |       0 |   0.0 |       8 |       0 |   0.0
     Lair:1 |    4370 |     612 |  12.3 |      19 |       3 |  13.6
     Lair:2 |    5867 |     705 |  10.7 |      31 |       4 |  11.4
     Lair:3 |    8089 |    3726 |  31.5 |      33 |      13 |  28.3
     Lair:4 |    4521 |     124 |   2.7 |      13 |      12 |  48.0
     Lair:5 |    9568 |    2064 |  17.7 |      30 |      13 |  30.2
     Lair:6 |    5212 |   11998 |  69.7 |      23 |      27 |  54.0
     Bailey |       0 |     611 | 100.0 |       0 |      28 | 100.0
      IceCv |       0 |    3297 | 100.0 |       0 |      11 | 100.0
            +---------+---------+-------+---------+---------+-------
